 Dungeon Crawl Stone Soup version 0.17.0-27-g4a3f43e (webtiles) character file.

347 Gargoyl the Skirmisher (level 6, -4/49 HPs)
             Began as a Demonspawn Abyssal Knight on Nov 21, 2015.
             Was a Priest of Lugonu.
             Slain by a phantom (6 damage)
             ... on level 4 of the Dungeon.
             The game lasted 00:08:24 (3863 turns).

Gargoyl the Skirmisher (Demonspawn Abyssal Knight)  Turns: 3863, Time: 00:08:24

Health: -4/49      AC: 17    Str: 19    XL:     6   Next: 32%
Magic:  8/8        EV:  5    Int: 13    God:    Lugonu [***...]
Gold:   123        SH: 13    Dex: 18    Spells: 0 memorised, 5 levels left

rFire  . . .     SeeInvis +     a - +1 hand axe
rCold  + . .     Clarity  .     q - +1 plate armour
rNeg   . . .     SustAt   .     d - +0 large shield
rPois  .         Gourm    .     n - +1 hat
rElec  .         Spirit   .     (no cloak)
rCorr  .         Warding  .     (no gloves)
rMut   .         Stasis   .     b - +0 pair of boots
MR     .....                    (no amulet)
Stlth  ..........               l - ring of see invisible
                                g - ring of protection from cold

@: mighty, agile, drained, not resistant to hostile enchantments, extremely
unstealthy
A: icy blue scales 2, nightstalker 1
a: Depart the Abyss, Bend Space, Banish, Renounce Religion


You were on level 4 of the Dungeon.
You worshipped Lugonu.
Lugonu was most pleased with you.
You were not hungry.

You visited 1 branch of the dungeon, and saw 4 of its levels.
You visited the Abyss 1 time.

You collected 123 gold pieces.

Inventory:

Hand Weapons
 a - a +1 hand axe (weapon)
Armour
 b - a +0 pair of boots (worn)
 d - a +0 large shield (worn)
 n - a +1 hat (worn)
 q - a +1 plate armour (worn)
Jewellery
 g - a ring of protection from cold (left hand)
 l - a ring of see invisible (right hand)
Scrolls
 h - 2 scrolls of remove curse
 i - a scroll of identify
 p - a scroll of fog {unknown}
Comestibles
 f - a meat ration
 k - 3 fruits
 m - a slice of pizza


   Skills:
 + Level 4.4(4.1) Fighting
 + Level 2.7(2.4) Axes
 + Level 3.1(2.9) Armour
 + Level 1.3(1.1) Dodging
 + Level 0.8(0.5) Stealth
 + Level 2.6(2.4) Shields
 + Level 3.2(2.9) Invocations


You had 5 spell levels left.
You didn't know any spells.

Dungeon Overview and Level Annotations

Branches:
Dungeon (4/15)
 Temple: D:4-7

Altars:
Makhleb
Nemelex Xobeh
Sif Muna
Trog
The Shining One


Innate Abilities, Weirdness & Mutations

You are mostly covered in icy blue scales (AC +3, EV -1).
You are slightly more attuned to the shadows.


Message History

The hippogriff pecks you but does no damage.
The hippogriff claws you but does no damage.
The hippogriff bites you but does no damage.
The hippogriff pecks you but does no damage.
You block the hippogriff's attack.
You slash the hippogriff!
You kill the hippogriff!
Lugonu accepts your kill.
Your base Shields skill increases to level 2!
You have reached level 6!
Your experience leads to an increase in your attributes!
Your base attributes are Str 13, Int 13, Dex 13.
Increase (S)trength, (I)ntelligence, or (D)exterity?
You feel stronger.
Your demonic ancestry asserts itself...
Icy blue scales spread over more of your body.
Things that are here:
a flail; an adder corpse The phantom blinks!
You miss the phantom. The phantom hits you.
You die...

..# #.# #.##
...... ##..## .
...... ##(...#...
......
#........###....#
##..# ##.....#
##.#§######....(.#
##.##..W@...†.#
##.####......†.#
#.## ###.##..<#
##.## ##.###...#
##.###.## #.....
#..#.## #..##..
#.#.## #... ..#
#.### #... .. #.#
##. .>.


You could see a phantom.

Vanquished Creatures
  A hippogriff (D:4)
  An orc wizard (D:3)
  7 adders
  A gnoll (D:4)
  3 oozes
  3 worms
  A giant gecko (D:1)
  7 orcs (D:3)
  7 bats
  4 giant cockroaches
  8 goblins
  10 hobgoblins
  4 jackals (D:4)
  9 kobolds
  3 quokkas
  A ball python (D:2)
  4 giant newts
  5 rats
79 creatures vanquished.

Notes
Turn   | Place    | Note
--------------------------------------------------------------
     0 | Abyss:1  | Gargoyl the Demonspawn Abyssal Knight began the quest for the Orb.
     0 | Abyss:1  | Reached XP level 1. HP: 18/18 MP: 2/2
    48 | Abyss:1  | Noticed an orange demon
    50 | D:1      | Escaped the Abyss
   102 | D:1      | Found a sparkling altar of Nemelex Xobeh.
   217 | D:1      | Gained mutation: You are partially covered in icy blue scales (AC +1). [demonic ancestry]
   217 | D:1      | Reached XP level 2. HP: 24/24 MP: 4/4
   244 | D:1      | Reached * piety under Lugonu
   624 | D:1      | Reached XP level 3. HP: 21/29 MP: 5/5
  1035 | D:2      | Reached skill level 1 in Dodging
  1261 | D:2      | Reached ** piety under Lugonu
  1428 | D:2      | Found a glowing golden altar of the Shining One.
  1552 | D:2      | Gained mutation: You are slightly more attuned to the shadows. [demonic ancestry]
  1552 | D:2      | Reached XP level 4. HP: 30/37 MP: 6/6
  1678 | D:2      | Reached skill level 4 in Fighting
  2007 | D:2      | Found a bloodstained altar of Trog.
  2900 | D:3      | Reached XP level 5. HP: 37/42 MP: 7/7
  2978 | D:3      | Reached skill level 1 in Shields
  3020 | D:3      | Found a burning altar of Makhleb.
  3435 | D:3      | Found a deep blue altar of Sif Muna.
  3827 | D:4      | Noticed a phantom
  3829 | D:4      | Noticed a hippogriff
  3837 | D:4      | Reached *** piety under Lugonu
  3847 | D:4      | HP: 2/42 [hippogriff (4)]
  3853 | D:4      | HP: 2/42 [hippogriff (2)]
  3858 | D:4      | Killed a hippogriff
  3858 | D:4      | Gained mutation: You are mostly covered in icy blue scales (AC +3, EV -1). [demonic ancestry]
  3858 | D:4      | Reached XP level 6. HP: 1/49 MP: 8/8
  3863 | D:4      | Slain by a phantom

Action                   |  1- 3 |  4- 6 || total
-------------------------+-------+-------++-------
Melee: Hand axe          |   173 |   301 ||   474
Invok: Depart the Abyss  |     1 |       ||     1
  Use: Scroll            |     3 |     3 ||     6
       Potion            |       |     6 ||     6
  Eat: Bread ration      |     1 |     2 ||     3
